 Dungeon Crawl Stone Soup version 0.31-a0-986-g5e6e4ef867 (webtiles) character file.

Game seed: 11470392621352871151

343 javelincjr the Changeling (level 6, -6/47 HPs)
             Began as a Draconian Shapeshifter on Nov 8, 2023.
             Was a Believer of Nemelex Xobeh.
             Mangled by a gnoll
             ... wielding a +0 halberd
             ... led by a gnoll bouda
              (11 damage)
             ... on level 4 of the Dungeon.
             The game lasted 00:10:05 (2980 turns).

javelincjr the Changeling (Draconian Shapeshifter)  Turns: 2980, Time: 00:10:06

Health: -6/47      AC:  6    Str: 19    XL:     6   Next: 31%
Magic:  7/7        EV: 12    Int: 16    God:    Nemelex Xobeh [**....]
Gold:   134        SH:  0    Dex: 10    Spells: 5/5 levels left

rFire   . . .        h - +0 hand axe (elec)
rCold   . . .        (no shield)
rNeg    . . .        (body armour unavailable)
rPois   .            (helmet currently unavailable)
rElec   .            (cloak currently unavailable)
rCorr   .            (gloves currently unavailable)
SInv    .            (boots currently unavailable)
Will    .....        (no amulet)
Stlth   +            l - ring of wizardry
HPRegen 0.27/turn    u - +6 ring of intelligence
MPRegen 0.10/turn

%: wizardry (x1)
@: beast-form
A: beast (slay +3), AC +6, unfitting armour, cold-blooded
a: Begin Untransformation, Renounce Religion, Draw Escape, Draw Destruction,
Draw Summoning


You were on level 4 of the Dungeon.
You worshipped Nemelex Xobeh.
Nemelex Xobeh was pleased with you.
You were a hulking beast.
You visited 1 branch of the dungeon, and saw 4 of its levels.

You collected 134 gold pieces.

Inventory:

Hand Weapons
 h - a +0 hand axe of electrocution (weapon)
 i - a +0 mace of distortion
 t - a +2 mace of venom
 v - a +0 dagger
Missiles
 f - 44 stones
 w - 6 silver javelins
Armour
 d - a +0 helmet
 s - a +2 pair of gloves
 y - a +0 helmet
Magical Staves
 g - a staff of earth
Jewellery
 l - a ring of wizardry (left hand)
 u - a +6 ring of intelligence (right hand)
Talismans
 b - a beast talisman
 c - a flux talisman
Scrolls
 e - a scroll of noise {unknown}
 j - 2 scrolls of revelation
 k - a scroll of enchant weapon {unknown}
 m - 2 scrolls of vulnerability
 o - 2 scrolls of immolation {unknown}
 r - 2 scrolls of amnesia
 z - 2 scrolls of poison {unknown}
 B - a scroll of teleportation {unknown}
Potions
 a - a potion of lignification
 n - 2 potions of heal wounds {unknown}
 p - a potion of curing
 q - a potion of attraction {unknown}
 x - a potion of mutation {unknown}
 A - a potion of cancellation {unknown}


   Skills:
 - Level 1.2 Fighting
 - Level 2.0 Dodging
 - Level 3.0 Unarmed Combat
 + Level 2.2 Invocations
 * Level 6.2 Shapeshifting


You had 5 spell levels left.
You didn't know any spells.
Your spell library contained the following spells:

 Spells                   Type           Power      Damage    Failure   Level
 Freeze                   Ice            0%         1d3       11%         1
 Frozen Ramparts          Ice            0%         1d1       28%         3
 Hailstorm                Conj/Ice       0%         3d3       28%         3
 Volatile Blastmotes      Fire/Tloc      0%         2d10      28%         3
 Fulminant Prism          Conj/Hex       0%         3d5       65%         4
 Iskenderun's Mystic Bla  Conj/Tloc      0%         2d3       65%         4


Dungeon Overview and Level Annotations

Branches:
Dungeon (4/15)
 Temple: D:4-7

Altars:
Nemelex Xobeh
Wu Jian
Xom


Innate Abilities, Weirdness & Mutations

You are a hulking beast.
Your limbs bulge with bestial killing power. (Slay +3)
Your plain brown scales are hard. (AC +6)
You cannot fit into any form of body armour.
You are cold-blooded and may be slowed by cold attacks.


Message History

The orc priest is knocked back by the gust of wind.
You feel a bit more experienced.
You hear violent peals of thunder!
You hear a shout!
You are too injured to fight recklessly!
You are too injured to fight recklessly!
The gnoll bouda hits you with a +0 whip.
Things that are here:
a +0 war axe; a +0 dagger You hit the gnoll bouda.
The gnoll bouda is moderately wounded.
The gnoll bouda hits you with a +0 whip!
* * * LOW HITPOINT WARNING * * *
You hit the gnoll bouda but do no damage.
You tail-slap the gnoll bouda. You punch the gnoll bouda.
The gnoll bouda is severely wounded.
The gnoll bouda gazes fiercely through you!
You feel your attacks grow feeble.
The gnoll bouda hits you with a +0 whip.
* * * LOW HITPOINT WARNING * * *
The gnoll bouda closely misses you.
You hit the gnoll bouda but do no damage.
You tail-slap the gnoll bouda, but do no damage.
The gnoll bouda is severely wounded.
The orc priest looks braver for a moment.
The gnoll bouda barely misses you.
You barely miss the gnoll bouda.
The gnoll bouda is severely wounded.
You hit the orc priest.
Lightning courses through the orc priest!!
You kill the orc priest!
The gnoll bouda hits you with a +0 whip!
* * * LOW HITPOINT WARNING * * *
Your Invocations skill increases to level 2!
You hit the gnoll bouda. You tail-slap the gnoll bouda.
You kill the gnoll bouda!
Your attacks no longer feel as feeble.
The gnoll closely misses you. The gnoll hits you with a +0 halberd!
You die...
Your body disappears without a glow.

,*,,,,.#...,.....*.....*,,,,,,,,,
,,,,,,,....,*....,....,,,,,,*,,,,
*,,,,,,,#..###..*,...,,,*,,***,,*
**,,,,.*##.....###...,,#**,,,,,**
*,,***..#.......#..##*..*,,,,,,,*
,,,,*,.......gg.....#...,,,,,,,,,
,,,,,,.,,#...g)#))......,*.....*.
,,,,,,..,##...##)).......##...##.
,,,,,,...#.....#h........#.....#.
,,,,*,.........g....#............
*,,***.!#.......#..###..#.......*
**,,,,.*##.....###.....###.....#*
*,,,,,,.#..###..#.......#..###.##
,,,,,,......#...............#....
,*,,,,.#.........#.†...#.)....##.
***,,,*#.........##...##.....####
,,,,,,,#.........#.....#.....####


You could see a gnoll (swift).

Vanquished Creatures
  2 orc priests
  3 hounds
  A gnoll bouda (D:4)
  Robin (D:3)
  3 gnolls (D:4)
  2 adders (D:2)
  A dart slug (D:3)
  4 orcs
  6 ball pythons
  5 bats
  8 endoplasms
  A giant cockroach (D:2)
  14 goblins
  7 hobgoblins
  3 jackals (D:3)
  7 kobolds
  5 quokkas
  A frilled lizard (D:1)
  5 rats
79 creatures vanquished.

Vanquished Creatures (collateral kills)
  Terence (D:3)
  A goblin (D:3)
2 creatures vanquished.

Grand Total: 81 creatures vanquished

Notes
Turn   | Place    | Note
-------+----------+-------------------------------------------
     0 | D:1      | javelincjr the Draconian Shapeshifter began the quest for
                  | the Orb.
     0 | D:1      | Reached XP level 1. HP: 16/16 MP: 1/1
   229 | D:1      | Reached XP level 2. HP: 19/23 MP: 2/2
   345 | D:1      | Noticed a great orb of eyes
   354 | D:1      | Found a faded altar of an unknown god.
   355 | D:1      | Noticed a shining eye
   357 | D:1      | Noticed an eye of devastation
   357 | D:1      | Noticed a shining eye
   408 | D:1      | Prayed at the altar of an unknown god.
   408 | D:1      | Became a worshipper of Nemelex Xobeh the Trickster
   408 | D:1      | Reached * piety under Nemelex Xobeh
   408 | D:1      | Received a gift from Nemelex Xobeh
   750 | D:2      | Reached XP level 3. HP: 28/28 MP: 3/3
   905 | D:2      | Reached skill level 4 in Shapeshifting
  1230 | D:2      | Identified the +0 leather armour of Peek-a-Boo {Str+4}
  1367 | D:3      | Found a shimmering altar of Xom.
  1381 | D:3      | Reached XP level 4. HP: 9/35 MP: 4/4
  1628 | D:3      | Reached ** piety under Nemelex Xobeh
  1721 | D:3      | Found an ornate altar of the Wu Jian Council.
  1738 | D:3      | Noticed Terence
  1748 | D:3      | Killed Terence
  1749 | D:3      | Reached skill level 5 in Shapeshifting
  2376 | D:3      | Noticed Robin
  2378 | D:3      | Reached XP level 5. HP: 39/40 MP: 5/5
  2385 | D:3      | Killed Robin
  2930 | D:4      | Reached skill level 1 in Invocations
  2965 | D:4      | Reached XP level 6. HP: 25/47 MP: 5/7
  2973 | D:4      | Reached skill level 6 in Shapeshifting
  2980 | D:4      | Mangled by a gnoll

Illustrated notes

Levels and vault maps discovered:
D:1:      dpeg_arrival_castle, layout_rooms,
          hellmonk_ecumenical_altar_watching_god, dreamdust_princess_bridge
D:2:      layout_basic, chequers_jeans
D:3:      kennysheep_goblin_castle, layout_basic,
          nicolae_overflow_hidden_temple, mainiacjoe_overflow_alcove_1,
          corexii_corridor_pit, kennysheep_generic_room_4, uniq_terence
D:4:      nicolae_cairo_tiling_large_dashed, layout_rooms,
          lightli_temple_of_fire, lemuel_crystal_altar, roderic_roman_lattice

Skill      XL: |  1  2  3  4  5  6 |
---------------+-------------------+-----
Dodging        | 2 |  2.0
Shapeshifting  | 4 5 6 |  6.2
Invocations    | 1 2 |  2.2
Fighting       | |  1.2
Unarmed Combat | |  3.0

Action                     |  1- 3 |  4- 6 || total
---------------------------+-------+-------++-------
  Melee: Unarmed           |    15 |       ||    15
         Tailslap          |     5 |    12 ||    17
         Hand axe          |    68 |    79 ||   147
         Punch             |       |     1 ||     1
 Invoke: Draw Summoning    |       |     1 ||     1
         Draw Destruction  |       |     1 ||     1
    Use: Potion            |       |     1 ||     1
         Scroll            |       |     3 ||     3
 Armour: Skin              |    67 |    72 ||   139
  Dodge: Dodged            |    64 |    82 ||   146

Table legend: (Time is in decaauts)
 A = Elapsed time spent in this place.
 B = Non-inter-level travel time spent in this place.
 C = Inter-level travel time spent in this place.
 D = Time resting spent in this place.
 E = Time spent auto-exploring this place.
 F = Levels seen in this place.
 G = Mean time per level.
                   A        B        C        D        E       F      G
               +--------+--------+--------+--------+--------+-----+--------+
         Total |   3031 |   2958 |     73 |    103 |   2179 |   4 |  757.8 |
       Dungeon |   3031 |   2958 |     73 |    103 |   2179 |   4 |  757.8 |
               +--------+--------+--------+--------+--------+-----+--------+

Top non-repeatable levels by time:
     D:3: 1538 daAuts
     D:2: 744 daAuts
     D:1: 640 daAuts
     D:4: 108 daAuts
